 Dungeon Crawl Stone Soup version 0.31-a0-152-g6aa68a64a1 (webtiles) character file.

Game seed: 16521217376564155649

2468 qw the Skirmisher (level 9, 0/79 HPs)
             Began as a Minotaur Hunter on June 9, 2023.
             Was a Follower of Okawaru.
             Slain by a vampire (7 damage)
             ... on level 7 of the Dungeon.
             The game lasted 00:03:15 (7529 turns).

qw the Skirmisher (Minotaur Hunter)                 Turns: 7529, Time: 00:03:15

Health: 0/79       AC:  8    Str: 15    XL:     9   Next: 26%
Magic:  10/10      EV: 14    Int:  6    God:    Okawaru [*.....]
Gold:   587        SH:  0    Dex: 19    Spells: 8/8 levels left

rFire   + + .        Y - +1 shortbow
rCold   + . .        (shield currently unavailable)
rNeg    . . .        a - +0 leather armour of Ziown {rF++}
rPois   +            (helmet restricted)
rElec   .            (no cloak)
rCorr   .            r - +1 pair of gloves
SInv    .            q - +2 pair of boots
Will    .....        (no amulet)
Stlth   +            c - ring of poison resistance
HPRegen 0.33/turn    i - ring of protection from cold
MPRegen 0.12/turn

%: no passive effects
@: confused
A: horns 2, retaliatory headbutt
a: Renounce Religion, Heroism


You were on level 7 of the Dungeon.
You worshipped Okawaru.
Okawaru was aware of your devotion.
You visited 2 branches of the dungeon, and saw 9 of its levels.

You collected 587 gold pieces.


Innate Abilities, Weirdness & Mutations

You have a pair of horns on your head.
You reflexively headbutt those who attack you in melee.


   Skills:
 - Level 7.4 Fighting
 + Level 10.9 Ranged Weapons
 - Level 2.1 Armour
 - Level 5.0 Dodging
 - Level 0.7 Stealth
 + Level 3.8 Invocations


You had 8 spell levels left.
You didn't know any spells.
Your spell library was empty.

Inventory:

Hand Weapons
 Y - a +1 shortbow (weapon)
Armour
 a - the +0 leather armour of Ziown (worn) {rF++}
   (You found it on level 2 of the Dungeon)

   rF:        It greatly protects you from fire.
 e - a +0 ring mail
 q - a +2 pair of boots (worn)
 r - a +1 pair of gloves (worn)
Jewellery
 c - a ring of poison resistance (left hand)
 i - a ring of protection from cold (right hand)
 l - a ring of positive energy
 s - a ring of ice
Scrolls
 b - a scroll of teleportation
 m - a scroll of identify
Potions
 d - 3 potions of haste
 h - a potion of curing
 j - a potion of might {unknown}
 k - a potion of attraction {unknown}
 n - a potion of cancellation {unknown}
 p - a potion of brilliance {unknown}
 t - a potion of resistance {unknown}
 v - a potion of mutation {unknown}

Dungeon Overview and Level Annotations

Branches:
Dungeon (8/15)             Temple (1/1) D:4
   Lair: D:8-11

Altars:
Ashenzari
Cheibriados
Dithmenos
Elyvilon
Gozag
Hepliaklqana
Kikubaaqudgha
Makhleb
Nemelex Xobeh
Okawaru
Qazlal
Ru
Sif Muna
Trog
Uskayaw
Vehumet
Wu Jian
Xom
Yredelemnul
Zin
The Shining One

Annotations:
D:6 1 runed translucent door, Crazy Yiuf


Message History

The vampire misses you. The vampire barely misses you.
You shoot an arrow. The arrow hits the vampire.
The vampire is heavily damaged.
The vampire hits you. The vampire barely misses you.
You shoot an arrow. The arrow hits the vampire.
The vampire is severely damaged.
The vampire mumbles some strange words.
The vampire flickers and vanishes!
Deactivating autopickup; reactivate with Ctrl-A.
You shoot an arrow.
You hear some strange, mumbled words.
Something tries to affect you, but you resist.
You shoot an arrow. Something barely misses you.
Something bites you but does no damage.
You shoot an arrow. Something draws life force from you!
You shoot an arrow. Something draws life force from you.
You shoot an arrow. You shoot an arrow. Something hits you but does no damage.
Something bites you!
Something draws strength from your injuries!
You shoot an arrow. Something hits you! Something bites you.
Something draws strength from your injuries!
You shoot an arrow.
You hear some strange, mumbled words.
Something tries to affect you, but you resist.
You shoot an arrow. Something hits you but does no damage. Something bites you!
Something draws strength from your injuries!
You shoot an arrow.
You hear some strange, mumbled words.
You are confused.
You shoot an arrow. Something completely misses you. Something bites you!
Something draws strength from your injuries!
You shoot an arrow. Something hits you!
You die...

#...##................#
##.###..."....>.......#
##.##.###.............#
B#.#.###..............#...
##.####..#########..####..
..}.....####...###..####..
##.####..............#....
J#.#.###.............#..[.
##.##.###@...........+....
##.###..{............#....
#...##...###....#.........
..#..#...# ..############
.###...#.. ...# # ######.
# # . # # #


There were no monsters in sight!

Vanquished Creatures
  Grinder (D:4)
  Sigmund (D:5)
  A slime creature (D:7)
  Edmund (D:6)
  2 black bears
  A centaur (D:7)
  2 kobold brigands
  2 bullfrogs
  A gnoll sergeant (D:7)
  4 scorpions
  4 wights (D:7)
  2 orc priests
  A hound (D:5)
  3 jellies
  2 gnoll boudas
  3 iguanas
  A sleepcap (D:4)
  Natasha (D:4)
  3 orc wizards
  17 gnolls
  8 adders
  3 shadow imps
  A white imp (D:6)
  An ufetubus (D:7)
  3 dart slugs
  16 orcs
  8 ball pythons
  9 endoplasms
  4 giant cockroaches
  11 goblins
  5 hobgoblins
  4 jackals
  6 quokkas
  3 bats
  2 frilled lizards
  12 kobolds
  2 rats (D:1)
151 creatures vanquished.

Notes
Turn   | Place    | Note
-------+----------+-------------------------------------------
     0 | D:1      | qw the Minotaur Hunter began the quest for the Orb.
     0 | D:1      | Reached XP level 1. HP: 18/18 MP: 0/0
     0 | D:1      | 0 ||| qw: Version: 0.2-a-122-gbc61b45
     0 | D:1      | 0 ||| qw: Game counter: 3421
     0 | D:1      | 0 ||| qw: Always use a shield: true
     0 | D:1      | 0 ||| qw: God list: Okawaru
     0 | D:1      | 0 ||| qw: Allow faded altars: false
     0 | D:1      | 0 ||| qw: Do Orc after D:15 true
     0 | D:1      | 0 ||| qw: Do second Lair branch before Depths: true
     0 | D:1      | 0 ||| qw: Lair rune preference: random
     0 | D:1      | 0 ||| qw: Plans: Normal
     0 | D:1      | 0 ||| PLANNING D:1-11
    66 | D:1      | Reached XP level 2. HP: 25/25 MP: 1/1
    88 | D:1      | Reached skill level 5 in Ranged Weapons
   289 | D:1      | Reached skill level 3 in Fighting
   632 | D:1      | Reached XP level 3. HP: 31/31 MP: 2/2
   798 | D:1      | 798 ||| UPGRADING to +0 ring mail.
   808 | D:1      | 808 ||| DROPPING +0 leather armour.
   809 | D:1      | 809 ||| READING scroll labelled SYASEA FUTO.
   810 | D:1      | 810 ||| READING 2 scrolls labelled ROPUD BUDDO.
   811 | D:1      | 811 ||| DROPPING scroll of butterflies.
   812 | D:1      | 812 ||| DROPPING scroll of poison.
   814 | D:1      | 814 ||| Stepping ~*~*~tactically~*~*~ (cloud).
   998 | D:2      | Reached skill level 1 in Armour
  1018 | D:2      | Identified the +0 leather armour of Ziown {rF++}
  1277 | D:2      | Identified the +4 dagger "Geibbe" {protect, rN+ Dex+3}
  1573 | D:2      | Reached XP level 4. HP: 31/38 MP: 3/3
  1624 | D:2      | 1624 ||| UPGRADING to +0 leather armour of Ziown {rF++}.
  1634 | D:2      | 1634 ||| UPGRADING to ring of poison resistance.
  1635 | D:2      | 1635 ||| UPGRADING to ring of ice.
  1636 | D:2      | 1636 ||| READING 2 scrolls labelled OZUHOS DITYS.
  1744 | D:3      | Reached skill level 6 in Ranged Weapons
  1861 | D:3      | Found a sparkling altar of Nemelex Xobeh.
  2179 | D:3      | Found a faded altar of an unknown god.
  2234 | D:3      | Found a sacrificial altar of Ru.
  2360 | D:3      | Found an ornate altar of the Wu Jian Council.
  2627 | D:3      | 2627 ||| UPGRADING to +2 pair of boots.
  2632 | D:3      | 2632 ||| READING scroll labelled PUCIMI DEBYOXIGYEF.
  2633 | D:3      | 2633 ||| READING scroll labelled TEMINE IRAU.
  2634 | D:3      | 2634 ||| READING 2 scrolls labelled ATHYD YHIW.
  2635 | D:3      | 2635 ||| DRINKING 2 viscous dark potions.
  2636 | D:3      | 2636 ||| DRINKING 3 red potions.
  2637 | D:3      | 2637 ||| DRINKING 3 ruby potions.
  2638 | D:3      | 2638 ||| DRINKING 3 inky potions.
  2639 | D:3      | 2639 ||| DROPPING 2 potions of enlightenment.
  2680 | D:4      | Found an opulent altar of Gozag.
  2680 | D:4      | Found a glowing golden altar of the Shining One.
  2694 | D:4      | Reached XP level 5. HP: 46/46 MP: 4/4
  2699 | D:4      | Found a bloodstained altar of Trog.
  2701 | D:4      | Found a snail-covered altar of Cheibriados.
  2703 | D:4      | Found a faded altar of an unknown god.
  2821 | D:4      | Found a basalt altar of Yredelemnul.
  3080 | D:4      | 3080 ||| Stepping ~*~*~tactically~*~*~ (outnumbered).
  3081 | D:4      | 3081 ||| Stepping ~*~*~tactically~*~*~ (outnumbered).
  3088 | D:4      | HP: 9/46 [gnoll/+0 spear (7)]
  3089 | D:4      | 3089 ||| READING scroll of teleportation.
  3090 | D:4      | 3090 ||| DRINKING 2 potions of heal wounds.
  3182 | D:4      | Noticed Grinder
  3197 | D:4      | 3197 ||| FLEEEEING.
  3199 | D:4      | 3199 ||| FLEEEEING.
  3200 | D:4      | 3200 ||| FLEEEEING.
  3202 | D:4      | 3202 ||| FLEEEEING.
  3203 | D:4      | 3203 ||| FLEEEEING.
  3204 | D:4      | 3204 ||| FLEEEEING.
  3205 | D:4      | 3205 ||| FLEEEEING.
  3211 | D:4      | 3211 ||| FLEEEEING.
  3214 | D:4      | 3214 ||| FLEEEEING.
  3215 | D:4      | 3215 ||| FLEEEEING.
  3216 | D:4      | 3216 ||| FLEEEEING.
  3217 | D:4      | 3217 ||| FLEEEEING.
  3218 | D:4      | 3218 ||| FLEEEEING.
  3223 | D:4      | HP: 11/46 [Grinder/nerve-wracking pain (10)]
  3224 | D:4      | 3224 ||| DRINKING potion of heal wounds.
  3228 | D:4      | Killed Grinder
  3229 | D:4      | Reached skill level 7 in Ranged Weapons
  3229 | D:4      | Reached XP level 6. HP: 43/52 MP: 5/5
  3271 | D:4      | Reached skill level 8 in Ranged Weapons
  3384 | D:4      | Noticed Natasha
  3388 | D:4      | Killed Natasha
  3401 | D:4      | Found a staircase to the Ecumenical Temple.
  3402 | D:4      | 3402 ||| PLANNING TEMPLE
  3402 | D:4      | 3402 ||| UPGRADING to +0 pair of gloves.
  3407 | D:4      | 3407 ||| READING scroll of enchant armour.
  3407 | D:4      | 3407 ||| ENCHANTING +0 pair of gloves.
  3408 | D:4      | 3408 ||| READING 2 scrolls labelled ABUONO PIVOHAE.
  3409 | D:4      | 3409 ||| DROPPING scroll of fog.
  3415 | Temple   | Entered the Ecumenical Temple
  3455 | Temple   | 3455 ||| PLANNING OKAWARU WORSHIP
  3490 | Temple   | Became a worshipper of Warmaster Okawaru
  3490 | Temple   | 3490 ||| PLANNING D:1-11
  3675 | D:4      | Reached skill level 3 in Dodging
  3684 | D:4      | Reached XP level 7. HP: 48/60 MP: 6/6
  3983 | D:5      | Entered Level 5 of the Dungeon
  3983 | D:5      | Noticed Sigmund
  3993 | D:5      | 3993 ||| STAIRDANCE
  4058 | D:5      | 4058 ||| STAIRDANCE
  4060 | D:4      | 4060 ||| DRINKING 2 potions of curing.
  4060 | D:4      | 4060 ||| (to cure confusion)
  4070 | D:5      | Killed Sigmund
  4070 | D:5      | Reached * piety under Okawaru
  4106 | D:5      | Reached skill level 9 in Ranged Weapons
  4106 | D:5      | Reached skill level 1 in Invocations
  4112 | D:5      | You fall into a shaft and drop 3 floors!
  4114 | D:8      | 4114 ||| READING scroll labelled EMNOTEOSTRORINE.
  4120 | D:7      | 4120 ||| INVOKING Heroism.
  4184 | D:7      | 4184 ||| INVOKING Heroism.
  4186 | D:7      | 4186 ||| Stepping ~*~*~tactically~*~*~ (outnumbered).
  4275 | D:7      | 4275 ||| READING 2 scrolls of identify.
  4275 | D:7      | 4275 ||| IDENTIFYING fuming coppery potion
  4276 | D:7      | 4276 ||| DROPPING potion of degeneration.
  4289 | D:6      | Reached skill level 6 in Fighting
  4293 | D:6      | Reached XP level 8. HP: 36/70 MP: 8/8
  4293 | D:6      | 4293 ||| INVOKING Heroism.
  4509 | D:6      | Found a shadowy altar of Dithmenos.
  4516 | D:6      | 4516 ||| UPGRADING to ring of protection from cold.
  4783 | D:5      | 4783 ||| INVOKING Heroism.
  4789 | D:5      | Reached skill level 10 in Ranged Weapons
  5360 | D:6      | Found a runed translucent door.
  5361 | D:6      | Noticed Crazy Yiuf
  5391 | D:6      | 5391 ||| INVOKING Heroism.
  5796 | D:6      | Noticed Edmund
  5815 | D:6      | Killed Edmund
  6154 | D:6      | 6154 ||| DROPPING ring of flight.
  6155 | D:6      | 6155 ||| READING scroll labelled AXUUCU IMOECI.
  6156 | D:6      | 6156 ||| READING scroll labelled QIMEEPP YNOUBE.
  6279 | D:7      | 6279 ||| Stepping ~*~*~tactically~*~*~ (outnumbered).
  6284 | D:7      | 6284 ||| Stepping ~*~*~tactically~*~*~ (outnumbered).
  6289 | D:7      | 6289 ||| Stepping ~*~*~tactically~*~*~ (outnumbered).
  6297 | D:7      | 6297 ||| INVOKING Heroism.
  6308 | D:7      | HP: 16/72 [poisoned by a gnoll sergeant]
  6309 | D:7      | 6309 ||| READING 2 scrolls of teleportation.
  6310 | D:7      | 6310 ||| DRINKING potion of heal wounds.
  6320 | D:7      | HP: 18/73 [poisoned by a gnoll sergeant]
  6348 | D:7      | 6348 ||| INVOKING Heroism.
  6356 | D:7      | Reached skill level 3 in Invocations
  6449 | D:7      | 6449 ||| FLEEEEING.
  6450 | D:7      | 6450 ||| FLEEEEING.
  6451 | D:7      | 6451 ||| FLEEEEING.
  6452 | D:7      | 6452 ||| FLEEEEING.
  6453 | D:7      | 6453 ||| FLEEEEING.
  6454 | D:7      | 6454 ||| FLEEEEING.
  6455 | D:7      | 6455 ||| FLEEEEING.
  6456 | D:7      | 6456 ||| FLEEEEING.
  6457 | D:7      | 6457 ||| FLEEEEING.
  6458 | D:7      | 6458 ||| FLEEEEING.
  6459 | D:7      | 6459 ||| FLEEEEING.
  6460 | D:7      | 6460 ||| FLEEEEING.
  6461 | D:7      | 6461 ||| FLEEEEING.
  6462 | D:7      | 6462 ||| FLEEEEING.
  6463 | D:7      | 6463 ||| FLEEEEING.
  6464 | D:7      | 6464 ||| FLEEEEING.
  6467 | D:7      | 6467 ||| FLEEEEING.
  6468 | D:7      | 6468 ||| FLEEEEING.
  6469 | D:7      | 6469 ||| FLEEEEING.
  6470 | D:7      | 6470 ||| STAIRDANCE
  6639 | D:7      | 6639 ||| STAIRDANCE
  6853 | D:7      | 6853 ||| INVOKING Heroism.
  6864 | D:7      | Reached XP level 9. HP: 28/79 MP: 7/10
  6870 | D:7      | 6870 ||| FLEEEEING.
  6871 | D:7      | 6871 ||| FLEEEEING.
  6873 | D:7      | 6873 ||| STAIRDANCE
  7407 | D:7      | 7407 ||| INVOKING Heroism.
  7509 | D:7      | Noticed a boulder beetle
  7526 | D:7      | HP: 13/79 [something (8)]
  7529 | D:7      | Slain by a vampire

Levels and vault maps discovered:
D:1:      dpeg_arrival_line_fractal, layout_loops_ring
D:2:      layout_basic
D:3:      layout_loops_cross, nemelex_dance_club_becter, marbit_many_paths,
          nicolae_wu_jian_immortal_techniques, basic_ecumenical_altar,
          grunt_ministairs_15, minmay_goblin_kobold_house
D:4:      layout_gridville, amcnicky_altar_gilded,
          chequers_temple_overflow_minitemple, temple_green,
          kennysheep_flooded_box, uniq_grinder, uniq_natasha
D:5:      layout_loops_ring, uniq_sigmund
D:6:      layout_loops_corners, lemuel_doored_altar, uniq_edmund,
          uniq_crazy_yiuf_cottage
D:7:      layout_gridville, serial_shops, nicolae_shop_real_fake_doors,
          kb_rosetta
D:8:      layout_cave_pools, st_stairs_3, uniq_gastronok
Temple:   nicolae_temple_hex_pool

Skill      XL: |  1  2  3  4  5  6  7  8  9 |
---------------+----------------------------+-----
Ranged Weapons | 5 6 7 8 9 10 | 10.9
Fighting       | 3 4 6 7 |  7.4
Armour         | 1 2 |  2.1
Dodging        | 3 4 5 |  5.0
Invocations    | 1 3 |  3.8
Stealth        | |  0.7

Action                     |  1- 3 |  4- 6 |  7- 9 || total
---------------------------+-------+-------+-------++-------
   Fire: Shortbow          |    98 |   165 |   347 ||   610
 Invoke: Heroism           |       |       |     9 ||     9
    Use: Scroll            |     2 |     7 |     5 ||    14
         Potion            |       |     6 |     2 ||     8
 Armour: Leather armour    |     7 |    17 |    57 ||    81
         Ring mail         |     6 |       |       ||     6
  Dodge: Dodged            |    28 |    49 |   135 ||   212

Table legend:
 A = Non-vault XP
 B = Vault XP
 C = Vault XP percentage of total XP
 D = Non-vault monster count
 E = Vault monster count
 F = Vault count percentage of total count
                 A         B        C        D         E       F
            +---------+---------+-------+---------+---------+-------
      Total |    2584 |     943 |  26.7 |     137 |      14 |   9.3
            +---------+---------+-------+---------+---------+-------
        D:1 |      42 |       0 |   0.0 |      25 |       0 |   0.0
        D:2 |      61 |       0 |   0.0 |      13 |       0 |   0.0
        D:3 |      59 |      17 |  22.4 |      17 |       9 |  34.6
        D:4 |     365 |     312 |  46.1 |      22 |       2 |   8.3
        D:5 |     549 |     239 |  30.3 |      12 |       1 |   7.7
        D:6 |     486 |     149 |  23.5 |      20 |       1 |   4.8
        D:7 |    1022 |     226 |  18.1 |      28 |       1 |   3.4
            +---------+---------+-------+---------+---------+-------
